 Dungeon Crawl Stone Soup version 0.29-a0-121-g8efb068a30 (webtiles) character file.

Game seed: 8120013446208676312

812 freelancePsychic the Sneak (level 8, -11/42 HPs)
             Began as a Kobold Enchanter on Feb 4, 2022.
             Was an Initiate of Ashenzari.
             Mangled by a two-headed ogre (28 damage)
             ... on level 5 of the Dungeon on Feb 20, 2022.
             The game lasted 00:16:13 (7657 turns).

freelancePsychic the Sneak (Kobold Enchanter)       Turns: 7657, Time: 00:16:14

Health: -11/42     AC:  6    Str:  8    XL:     8   Next: 15%
Magic:  20/20      EV: 15    Int: 22    God:    Ashenzari [......]
Gold:   71         SH:  0    Dex: 16    Spells: 4/12 levels left

rFire   . . .      SeeInvis .   a - +3 dagger of the Enigmatic Planets {Fort, Alch} (curse)
rCold   . . .      Faith    .   (no shield)
rNeg    . . .      Spirit   .   s - +1 robe of Zumioc {Drain Str+3 Int+4}
rPois   .          Reflect  .   i - +2 helmet
rElec   .          Harm     .   (no cloak)
rCorr   .          Rampage  .   (no gloves)
Will    .....                   (no boots)
Stlth   +++++.....              o - amulet of the acrobat
HPRegen 0.14/turn               l - ring of magical power
MPRegen 0.17/turn               (no ring)

@: no status effects
A: small, no large weapons, nightstalker 3
a: Renounce Religion, Shatter the Chains


You were on level 5 of the Dungeon.
You worshipped Ashenzari.
Ashenzari was noncommittal.
You visited 2 branches of the dungeon, and saw 7 of its levels.

You collected 291 gold pieces.
You spent 220 gold pieces at shops.

Inventory:

Hand Weapons
 a - the cursed +3 dagger of the Enigmatic Planets (weapon) {Fort, Alch}

   It has a curse which improves the following skills: Fortitude: Armour and
   Shields.
   Alchemy:   Poison Magic and Transmutations.
Armour
 d - a +0 kite shield
 i - a +2 helmet (worn)
 s - the +1 robe of Zumioc (worn) {Drain Str+3 Int+4}
   (You found it on level 4 of the Dungeon)

   Str:       It affects your strength (+3).
   Int:       It affects your intelligence (+4).
   Drain:     It drains your maximum health when unequipped.
Jewellery
 c - an amulet of guardian spirit
 l - a ring of magical power (left hand)
 o - an amulet of the acrobat (around neck)
Scrolls
 g - 2 scrolls of noise
 j - a scroll of silence
 k - 3 scrolls of teleportation {@r4}
 n - 2 scrolls of amnesia
Potions
 b - a potion of haste {unknown}
 e - 2 potions of attraction
 f - a potion of heal wounds {unknown}
 m - 2 potions of magic {unknown}
 p - a potion of might {unknown}
 q - a potion of curing {unknown}
 r - a potion of degeneration {unknown}


   Skills:
 + Level 0.9 Fighting
 + Level 6.4 Short Blades
 - Level 2.4 Dodging
 + Level 7.9 Stealth
 - Level 2.5 Spellcasting
 - Level 3.2 Hexes
 * Level 4.4 Ice Magic


You had 4 spell levels left.
You knew the following spells:

 Your Spells              Type           Power      Damage    Failure   Level
a - Ensorcelled Hibernat  Hex/Ice        38%        N/A       4%          2
b - Frozen Ramparts       Ice            44%        1d6       6%          3
c - Ozocubu's Armour      Ice            22%        N/A       6%          3

Your spell library contained the following spells:

 Spells                   Type           Power      Damage    Failure   Level
 Freeze                   Ice            88%        1d10      2%          1
 Confusing Touch          Hex            17%        N/A       10%         3
 Tukima's Dance           Hex            17%        N/A       10%         3
 Corpse Rot               Necr/Air       4%         N/A       21%         2
 Poisonous Vapours        Pois/Air       4%         N/A       21%         2
 Scorch                   Fire           4%         2d5       21%         2
 Dazzling Flash           Conj/Hex       20%        N/A       21%         3
 Conjure Flame            Conj/Fire      2%         6-21      36%         3
 Ignite Poison            Fire/Tmut/Pois 2%         N/A       36%         3
 Hailstorm                Conj/Ice       12%        3d5       45%         4
 Flame Wave               Conj/Fire      2%         2d4       78%         4
 Sticky Flame             Conj/Fire      2%         2d3       78%         4
 Summon Cactus Giant      Summ           1%         N/A       100%        6
 Ozocubu's Refrigeration  Ice            11%        4d7       100%        7


Dungeon Overview and Level Annotations

Branches:
Dungeon (6/15)             Temple (1/1) D:5

Altars:
Ashenzari
Elyvilon
Fedhas
Gozag
Kikubaaqudgha
Makhleb
Nemelex Xobeh
Okawaru
Qazlal
Ru
Trog
Vehumet
Xom
Yredelemnul
Zin
The Shining One

Shops:
D:1 :

Annotations:
D:3 exclusion: ice beast
D:5 exclusion: ogre


Innate Abilities, Weirdness & Mutations

You are small and have problems with some larger weapons.
You are completely attuned to the shadows.


Message History

You miss something.
The wall freezes something.
Reactivating autopickup.
You feel a bit more experienced.
The frozen ramparts melt away.
Magic restored.
Your icy armour cracks and falls away as you move.
Found 29 stones.
Found an iron altar of Okawaru.
Ashenzari invites you to partake of a vision and a curse of fortitude and alchemy.
Your +3 dagger glows black for a moment.
A two-headed ogre comes into view.
It is wielding a +0 giant spiked club and a +0 giant club.
A two-headed ogre is nearby!
A two-headed ogre is nearby!
A wight comes into view. It is wielding a +1 vorpal hand axe.
The two-headed ogre shouts in stereo!
Casting: Ozocubu's Armour (dangerous; 6% risk of failure)
Confirm with . or Enter, or press ? or * to list all spells.
Aiming: Ensorcelled Hibernation (safe; 4% risk of failure)
Press: ? - help, Shift-Dir - straight line, f - two-headed ogre
Aim: a two-headed ogre, wielding a +0 giant spiked club and a +0 giant club (chance to affect: 34%)
Okay, then.
The two-headed ogre hits you with a +0 giant spiked club.
The two-headed ogre hits you with a +0 giant club!
There is a stone staircase leading up here.
The two-headed ogre misses you.
The two-headed ogre hits you with a +0 giant club.
You climb upwards.
Level annotation: exclusion: ogre
There is a stone staircase leading down here.
The two-headed ogre completely misses you.
The two-headed ogre hits you with a +0 giant club!!
Ouch! That really hurt!
* * * LOW HITPOINT WARNING * * *
You see here a +0 whip.
The two-headed ogre completely misses you. x2
As you read the scroll of summoning, it crumbles to dust.
Wisps of shadow whirl around you... The two-headed ogre closely misses you.
The two-headed ogre hits you with a +0 giant club!!
Ouch! That really hurt!
You die...

#########
#.......#
#.#####O# #.#
#O# #.# #@#
#### #####.#
#J#
...###...#.#
#Y#############
.....###.#.###
#.............#
...#..#.....>#
#############.#
_..#..##.#.#.#
#.#
..##..#......#
#####.#
..#...##.#[..#
#.....#
.##..###.#.#.##
#.#####


You could see a two-headed ogre (ally target), a friendly sky beast (summoned),
a friendly ogre (summoned) and a friendly jelly (summoned).

Vanquished Creatures
  A sky beast (D:6)
  An ogre (D:5)
  A centaur (D:5)
  2 phantoms
  A howler monkey (D:5)
  An orc priest (D:5)
  A hound (D:4)
  A jelly (D:5)
  An iguana (D:5)
  An orc wizard (D:5)
  A hound skeleton (D:4)
  7 adders
  3 gnolls (D:5)
  A white imp (D:4)
  An ufetubus (D:5)
  An adder skeleton (D:4)
  2 worms
  2 dart slugs
  7 orcs
  10 ball pythons
  7 bats
  3 endoplasms
  A giant cockroach (D:3)
  10 goblins
  8 hobgoblins
  14 jackals
  6 quokkas
  9 kobolds
  2 rats
106 creatures vanquished.

Notes
Turn   | Place    | Note
-------+----------+-------------------------------------------
     0 | D:1      | freelancePsychic the Kobold Enchanter began the quest for
                  | the Orb.
     0 | D:1      | Reached XP level 1. HP: 10/10 MP: 3/3
     2 | D:1      | Upgraded the game from 0.29-a0-82-g837932c90e to
                  | 0.29-a0-121-g8efb068a30
    73 | D:1      | Reached XP level 2. HP: 15/15 MP: 5/5
   293 | D:1      | Learned a level 2 spell: Ensorcelled Hibernation
   670 | D:1      | Found Quso's Book Shoppe.
   769 | D:1      | Reached XP level 3. HP: 6/19 MP: 0/6
   996 | D:1      | Found a faded altar of an unknown god.
  2009 | D:2      | Reached skill level 1 in Ice Magic
  2053 | D:2      | Reached XP level 4. HP: 19/24 MP: 1/7
  2722 | D:3      | Found a blossoming altar of Fedhas.
  2854 | D:3      | Reached skill level 5 in Stealth
  3321 | D:3      | Found a glowing golden altar of the Shining One.
  3394 | D:3      | Noticed an ice beast
  3579 | D:3      | Reached XP level 5. HP: 28/28 MP: 8/8
  3750 | D:4      | Identified the +1 robe of Zumioc {Drain Str+3 Int+4}
  4070 | D:4      | Found a white marble altar of Elyvilon.
  5114 | D:5      | Entered Level 5 of the Dungeon
  5134 | D:5      | Noticed a centaur
  5229 | D:5      | Reached XP level 6. HP: 24/32 MP: 2/9
  5377 | D:5      | Noticed an ogre
  5384 | D:5      | Found a staircase to the Ecumenical Temple.
  5390 | Temple   | Entered the Ecumenical Temple
  5523 | D:5      | Reached skill level 6 in Stealth
  5611 | D:5      | Reached skill level 5 in Short Blades
  5664 | D:5      | Reached XP level 7. HP: 36/36 MP: 10/10
  5722 | D:5      | Reached skill level 7 in Stealth
  6209 | Temple   | Became a worshipper of Ashenzari the Shackled
  6326 | D:5      | Found a glowing silver altar of Zin.
  6687 | D:5      | Found a sacrificial altar of Ru.
  6855 | D:4      | Reached XP level 8. HP: 11/41 MP: 11/11
  6899 | D:1      | Bought a book of Frost for 220 gold pieces
  6903 | D:1      | Learned a level 3 spell: Frozen Ramparts
  6907 | D:1      | Learned a level 3 spell: Ozocubu's Armour
  7181 | D:5      | Found an opulent altar of Gozag.
  7559 | D:6      | Found an iron altar of Okawaru.
  7581 | D:6      | Noticed a two-headed ogre
  7657 | D:5      | Mangled by a two-headed ogre

Illustrated notes

Levels and vault maps discovered:
D:1:      heliophobic_arrival_henge, layout_basic, serial_shops, shop,
          dreamdust_ecumenical_altar_statues, minmay_tromino_v4_a
D:2:      layout_basic, grunt_ministairs_13
D:3:      layout_loops_ring, lemuel_tele_altar, general_overflow_altar
D:4:      layout_basic, mainiacjoe_overflow_paths
D:5:      layout_basic, grunt_gozag_breadcrumbs, mainiacjoe_overflow_two_lobes,
          minmay_temple_entry_drinking_statues, portal_sewer_entry_d
D:6:      minmay_klotski, layout_basic, tgw_sif, lemuel_round_altar,
          hangedman_minor_gate_pass
Temple:   kb_temple_of_zot

Skill      XL: |  1  2  3  4  5  6  7 |
---------------+----------------------+-----
Short Blades   | 2 3 4 5 6 |  6.4
Ice Magic      | 1 2 3 4 |  4.4
Stealth        | 5 6 7 |  7.9
Fighting       | |  0.9
Dodging        | |  2.4
Spellcasting   | |  2.5
Hexes          | |  3.2

Action                   |  1- 3 |  4- 6 |  7- 9 || total
-------------------------+-------+-------+-------++-------
Melee: Dagger            |    93 |   153 |    92 ||   338
       Punch             |     2 |     1 |     1 ||     4
 Cast: Ensorcelled Hiber |    17 |    29 |    10 ||    56
       Ozocubu's Armour  |       |       |     1 ||     1
       Frozen Ramparts   |       |       |     1 ||     1
Invok: Curse Item        |       |       |     1 ||     1
  Use: Scroll            |       |     8 |     2 ||    10
       Potion            |       |     1 |     2 ||     3
 Stab: Sleeping          |    21 |    42 |    12 ||    75
       Invisible         |       |     1 |       ||     1
Armor: Robe              |    13 |    31 |    23 ||    67
Dodge: Dodged            |    71 |   120 |    52 ||   243

Table legend: (Time is in decaauts)
 A = Elapsed time spent in this place.
 B = Non-inter-level travel time spent in this place.
 C = Inter-level travel time spent in this place.
 D = Time resting spent in this place.
 E = Time spent auto-exploring this place.
 F = Levels seen in this place.
 G = Mean time per level.
                   A        B        C        D        E       F      G
               +--------+--------+--------+--------+--------+-----+--------+
         Total |   7609 |   7044 |    565 |    602 |   4881 |   7 | 1087.0 |
       Dungeon |   7445 |   6938 |    507 |    602 |   4881 |   6 | 1240.8 |
        Temple |    163 |    105 |     58 |      0 |      0 |   1 |  163.0 |
               +--------+--------+--------+--------+--------+-----+--------+

Top non-repeatable levels by time:
     D:5: 1776 daAuts
     D:1: 1698 daAuts
     D:4: 1555 daAuts
     D:3: 1217 daAuts
     D:2: 1063 daAuts
  Temple: 163 daAuts
     D:6: 134 daAuts
